 Dungeon Crawl Stone Soup version 0.26-a0-800-g517d6fe721 (webtiles) character file.

Game seed: 6151621788751709704

53 ohmi the Chopper (level 3, -1/49 HPs)
             Began as a Palentonga Berserker on Nov 11, 2020.
             Was a Follower of Trog.
             Slain by Grinder (4 damage)
             ... on level 2 of the Dungeon.
             The game lasted 00:10:12 (1379 turns).

ohmi the Chopper (Palentonga Berserker)             Turns: 1379, Time: 00:10:12

Health: -1/49      AC:  6    Str: 21    XL:     3   Next: 62%
Magic:  3/3        EV:  8    Int:  7    God:    Trog [*.....]
Gold:   62         SH:  0    Dex:  9    Spells: 2/2 levels left

rFire    . . .     SeeInvis +   a - +0 hand axe
rCold    . . .     Faith    .   (no shield)
rNeg     . . .     Spirit   .   j - +0 scale mail
rPois    .         Reflect  .   (no helmet)
rElec    .         Harm     .   (no cloak)
rCorr    .         Rampage  .   (no gloves)
MR       .....                  (no barding)
Stlth    ..........             (no amulet)
HPRegen  0.16/turn              (no ring)
MPRegen  0.08/turn              (no ring)

@: berserking, very quick
A: large, rugged brown scales 3, see invisible, deformed body, roll, armoured
tail
a: Rolling Charge, Berserk, Renounce Religion


You were on level 2 of the Dungeon.
You worshipped Trog.
Trog was aware of your devotion.
You visited 1 branch of the dungeon, and saw 3 of its levels.

You collected 62 gold pieces.

Inventory:

Hand Weapons
 a - a +0 hand axe (weapon)
Missiles
 f - 6 boomerangs (quivered)
 h - 3 atropa-tipped darts
Armour
 b - a +0 animal skin
 j - a +0 scale mail (worn)
Jewellery
 e - an uncursed amulet of faith
Scrolls
 i - a scroll of teleportation {unknown}
 k - a scroll of fear {unknown}
 l - a scroll of identify
 m - 2 scrolls of blinking {unknown}
 n - a scroll of remove curse {unknown}
Potions
 c - a potion of attraction {unknown}
 d - a potion of brilliance {unknown}
 g - a potion of magic {unknown}


   Skills:
 - Level 3.2 Fighting
 + Level 4.3 Axes
 - Level 1.6 Armour
 - Level 1.6 Dodging
 + Level 0.1 Stealth


You had 2 spell levels left.
You didn't know any spells.
Your spell library was empty.

Dungeon Overview and Level Annotations

Branches:
Dungeon (3/15)

Altars:
Cheibriados
Kikubaaqudgha
Okawaru
Qazlal
Trog
Vehumet

Annotations:
D:2 Grinder


Innate Abilities, Weirdness & Mutations

You are completely covered in rugged brown scales. (AC +3, +7% HP)
You have supernaturally acute eyesight. (SInv)
Armour fits poorly on your strangely shaped body.
You can roll at foes to attack.
You have a long armoured tail.


Message History

You feel yourself moving faster!
You feel mighty! The bat hits you but does no damage. Grinder gestures at you.
You suddenly lose the ability to move!
The bat hits you but does no damage. Grinder hits you but does no damage.
The bat hits you but does no damage. Grinder gestures at you.
You barely resist. The bat hits you but does no damage.
Grinder hits you but does no damage. The bat hits you but does no damage.
Grinder gestures at you. Pain shoots through your body!
* * * LOW HITPOINT WARNING * * *
You can move again.
You hit Grinder.
Grinder is heavily wounded.
The bat closely misses you. Grinder hits you.
* * * LOW HITPOINT WARNING * * *
You writhe in agony.
You die...

#########........#
###.................
#......####......... #......#
#......... #......# #########.
##### #......# #.
#...######......# #.
#####.#.##...#.5b...############.
#<)...#......'..@................
##########...#......############.
###...######## #. #............#
#. #............# ##
#............# #####........#
#............# #............#


You could see Grinder and a bat.

Vanquished Creatures
  An adder (D:2)
  A worm (D:2)
  2 dart slugs
  2 leopard geckos (D:1)
  3 giant cockroaches
  4 goblins
  5 hobgoblins
  A quokka (D:2)
  A ball python (D:2)
  2 bats (D:2)
  5 frilled lizards (D:1)
  3 kobolds
  7 rats
37 creatures vanquished.

Notes
Turn   | Place    | Note
-------+----------+-------------------------------------------
     0 | D:1      | ohmi the Palentonga Berserker began the quest for the Orb.
     0 | D:1      | Reached XP level 1. HP: 20/20 MP: 1/1
   246 | D:1      | Reached XP level 2. HP: 27/27 MP: 2/2
   956 | D:2      | Reached XP level 3. HP: 33/33 MP: 3/3
   959 | D:2      | Reached skill level 4 in Axes
  1158 | D:2      | Found a stormy altar of Qazlal.
  1160 | D:2      | Found a bloodstained altar of Trog.
  1160 | D:2      | Found a radiant altar of Vehumet.
  1160 | D:2      | Found a snail-covered altar of Cheibriados.
  1178 | D:2      | Found an ancient bone altar of Kikubaaqudgha.
  1178 | D:2      | Found an iron altar of Okawaru.
  1357 | D:3      | Noticed Grinder
  1374 | D:2      | Paralysed by Grinder for 5 turns
  1379 | D:2      | Slain by Grinder

Illustrated notes

Levels and vault maps discovered:
D:1:      minmay_arrival_diagonal_passages, layout_loops_corners
D:2:      layout_basic, minmay_overflow_temple_hex
D:3:      layout_loops_ring, kennysheep_potato, uniq_grinder

Skill      XL: |  1  2  3 |
---------------+----------+-----
Axes           | 4 |  4.3
Fighting       | |  3.2
Armour         | |  1.6
Dodging        | |  1.6
Stealth        | |  0.1

Action                   || total
-------------------------++-------
Melee: Hand axe          ||   101
       Tailslap          ||    10
Throw: Boomerang         ||     1
Invok: Berserk           ||     1
 Abil: Rolling Charge    ||    21
  Use: Scroll            ||     1
Armor: Animal skin       ||     9
       Scale mail        ||    37
Dodge: Dodged            ||    47

Table legend: (Time is in decaauts)
 A = Elapsed time spent in this place.
 B = Non-inter-level travel time spent in this place.
 C = Inter-level travel time spent in this place.
 D = Time resting spent in this place.
 E = Time spent auto-exploring this place.
 F = Levels seen in this place.
 G = Mean time per level.
                   A        B        C        D        E       F      G
               +--------+--------+--------+--------+--------+-----+--------+
         Total |   1391 |   1333 |     58 |      0 |   1037 |   3 |  463.7 |
       Dungeon |   1391 |   1333 |     58 |      0 |   1037 |   3 |  463.7 |
               +--------+--------+--------+--------+--------+-----+--------+

Top non-repeatable levels by time:
     D:1: 865 daAuts
     D:2: 511 daAuts
     D:3: 14 daAuts
